 Dungeon Crawl Stone Soup version 0.23-a0-550-g7de1f8e (webtiles) character file.

1075 Leeroy the Charmwright (level 8, -2/63 HPs)
             Began as a Gnoll Skald on Dec 9, 2018.
             Was an Initiate of Wu Jian.
             Splashed by a jelly's acid (8 damage)
             ... on level 5 of the Dungeon.
             The game lasted 00:25:39 (4467 turns).

Leeroy the Charmwright (Gnoll Skald)                Turns: 4467, Time: 00:25:39

Health: -2/63      AC:  3    Str: 15    XL:     8   Next: 29%
Magic:  16/16      EV: 14    Int: 16    God:    Wu Jian [......]
Gold:   232        SH:  0    Dex: 15    Spells: 4/18 levels left

rFire    + . .     SeeInvis .   u - +2 spear (vamp)
rCold    . . .     Gourm    .   (no shield)
rNeg     . . .     Faith    .   y - +2 ring mail {rF+}
rPois    .         Spirit   .   (no helmet)
rElec    .         Reflect  .   (no cloak)
rCorr    .         Harm     .   (no gloves)
MR       .....                  (no boots)
Stlth    ++........             (no amulet)
HPRegen  0.20/turn              (no ring)
MPRegen  0.15/turn              (no ring)

@: corroded, hasted, very quick
A: distributed training, fangs 1, strong nose
a: Renounce Religion


You were on level 5 of the Dungeon.
You worshipped Wu Jian.
Wu Jian was noncommittal.
You were not hungry.

You visited 1 branch of the dungeon, and saw 5 of its levels.

You collected 232 gold pieces.

Inventory:

Hand Weapons
 a - a +0 falchion
 e - a +0 dagger
 g - a +0 hand axe
 r - a +0 dagger
 u - a +2 vampiric spear (weapon)
 A - a +0 hunting sling
 E - a +0 blowgun
 I - a +4 dagger
 J - a cursed -2 war axe
 K - a +0 hunting sling
Missiles
 n - 182 stones (quivered)
 o - 40 sling bullets
 v - 8 poisoned needles
 B - 16 bolts
 P - 5 tomahawks
 R - 18 arrows
 T - 7 poisoned tomahawks
Armour
 b - a +0 leather armour
 h - a +0 plate armour
 j - a +0 ring mail
 y - a +2 ring mail of fire resistance (worn)
 D - a +0 shield
 V - a +2 large shield
Magical Staves
 C - an uncursed staff of conjuration
 S - an uncursed staff of air
Wands
 G - a wand of polymorph (7)
 Q - a wand of digging (6)
Scrolls
 l - a scroll of fear {unknown}
 m - a scroll of random uselessness {unknown}
 s - a scroll of amnesia {unknown}
 t - a scroll of enchant armour {unknown}
 w - 2 scrolls of magic mapping {unknown}
 z - 2 scrolls of teleportation {unknown}
 F - a scroll of remove curse {unknown}
 N - a scroll of immolation {unknown}
Potions
 c - a potion of flight
 i - 3 potions of brilliance
 k - a potion of haste
 p - 3 potions of curing
 x - a potion of cancellation {unknown}
 H - a potion of degeneration {unknown}
 L - a potion of lignification {unknown}
 M - a potion of might {unknown}
 O - a potion of mutation {unknown}
Comestibles
 d - 10 rations
 U - 5 chunks of flesh


   Skills:
 + Level 5.5 Fighting
 + Level 3.1 Short Blades
 + Level 5.5 Long Blades
 + Level 3.1 Axes
 + Level 3.1 Maces & Flails
 + Level 3.1 Polearms
 + Level 3.1 Staves
 + Level 3.1 Slings
 + Level 3.1 Bows
 + Level 3.1 Crossbows
 + Level 3.1 Throwing
 + Level 4.0 Armour
 + Level 5.5 Dodging
 + Level 3.1 Stealth
 + Level 3.1 Shields
 + Level 3.1 Unarmed Combat
 + Level 5.9 Spellcasting
 + Level 2.5 Conjurations
 + Level 2.5 Hexes
 + Level 6.0 Charms
 + Level 2.5 Summonings
 + Level 2.5 Necromancy
 + Level 2.5 Translocations
 + Level 2.5 Transmutations
 + Level 2.5 Fire Magic
 + Level 2.5 Ice Magic
 + Level 2.5 Air Magic
 + Level 2.5 Earth Magic
 + Level 2.5 Poison Magic
 + Level 3.4 Invocations
 + Level 3.1 Evocations


You had 4 spell levels left.
You knew the following spells:

 Your Spells              Type           Power        Failure   Level  Hunger
a - Infusion              Chrm           ###.         2%          1    None
b - Song of Slaying       Chrm           ###.....     3%          2    #......
c - Shroud of Golubria    Chrm/Tloc      ###.......   7%          2    #......
d - Regeneration          Chrm/Necr      ###.......   13%         3    ##.....
e - Spectral Weapon       Hex/Chrm       ###.....     13%         3    ##.....
f - Magic Dart            Conj           ##..         10%         1    None
g - Searing Ray           Conj           ##....       14%         2    #......

Your spell library contained the following spells:

 Spells                   Type           Power        Failure   Level  Hunger
 Dazzling Spray           Conj/Hex       ##....       28%         3    ##.....
 Force Lance              Conj/Tloc      ##......     67%         4    ####...
 Fulminant Prism          Conj/Hex       ##........   67%         4    ####...
 Iskenderun's Mystic Bla  Conj           ##......     67%         4    ####...


Dungeon Overview and Level Annotations

Branches:
Dungeon (5/15)
 Temple: D:4-7

Altars:
Makhleb
Ru
Wu Jian
Xom

Shops:
D:4 *   D:5 (

Annotations:
D:5 4 runed doors


Innate Abilities, Weirdness & Mutations

Your experience applies equally to all skills.
You have very sharp teeth.
Your uncanny sense of smell can sniff out nearby items.


Message History

You now have 232 gold pieces (gained 10).
The adder bites you but does no damage. The jelly closely misses you.
You hit the jelly. The acid corrodes you!
Your hands burn!
The jelly is moderately wounded.
The adder barely misses you. The jelly hits you.
You are splashed with acid!
The acid burns!
The adder bites you.
You hit the jelly but do no damage.
Your hands burn!
You bite the jelly, but do no damage.
The jelly is moderately wounded.
The adder closely misses you. The jelly hits you.
You are splashed with acid!
The acid burns!
* * * LOW HITPOINT WARNING * * *
You feel much better. The adder barely misses you. The jelly hits you.
* * * LOW HITPOINT WARNING * * *
You are splashed with acid!
The acid burns!
* * * LOW HITPOINT WARNING * * *
You feel yourself speed up. The adder misses you. The jelly hits you.
* * * LOW HITPOINT WARNING * * *
You are splashed with acid!
The acid burns!
You die...

.#.####.##.# .## #.#
###.###.##.###..## +#.#+ .
#................###...###...
........##..#........8.......
...####.##..##...###...# ...#
#.##..##..##.'#.#+ ##.#
#.##..##.##...#.# ...
..##.....#.S.##.##
#######∩....#@J##...## ∆
##.....####.....##
#......................
#.###.................#
#..#######.######## #..# #.#
#..# #.# #..# #.# #..# #.#


You could see a jelly and an adder.

Vanquished Creatures
  Grinder (D:3)
  2 ice beasts
  The ghost of tilp the Chiller, an amateur MfIE (D:3)
  A scorpion (D:5)
  A howler monkey (D:4)
  A crimson imp (D:5)
  A centaur skeleton (D:5)
  A bullfrog skeleton (D:5)
  Ijyb (D:3)
  Terence (D:2)
  3 orc wizards
  2 worker ants
  A hound skeleton (D:4)
  Robin (D:4)
  10 adders
  2 shadow imps (D:5)
  2 oozes
  2 adder skeletons
  3 worms
  2 dart slugs
  A leopard gecko (D:2)
  15 orcs
  2 giant cockroaches
  20 goblins
  8 hobgoblins
  5 jackals (D:4)
  7 kobolds
  A quokka (D:3)
  2 bats
  8 frilled lizards
  A leopard gecko skeleton (D:3)
  A quokka skeleton (D:5)
  A quokka zombie (D:5)
  6 rats
  A withered plant (D:3)
118 creatures vanquished.

Vanquished Creatures (others)
  An orc (D:4)
  A spectral weapon (D:4)
2 creatures vanquished.

Grand Total: 120 creatures vanquished

Notes
Turn   | Place    | Note
-------+----------+-------------------------------------------
     0 | D:1      | Leeroy the Gnoll Skald began the quest for the Orb.
     0 | D:1      | Reached XP level 1. HP: 20/20 MP: 6/6
    46 | D:1      | Reached XP level 2. HP: 23/26 MP: 7/7
    66 | D:1      | Learned a level 2 spell: Song of Slaying
    69 | D:1      | Learned a level 2 spell: Shroud of Golubria
   767 | D:2      | Found a sacrificial altar of Ru.
   826 | D:2      | Reached XP level 3. HP: 31/31 MP: 9/9
   859 | D:2      | Reached skill level 5 in Spellcasting
  1068 | D:2      | Noticed Terence
  1087 | D:2      | Killed Terence
  1087 | D:2      | Reached skill level 1 in Short Blades
  1087 | D:2      | Reached skill level 1 in Axes
  1087 | D:2      | Reached skill level 1 in Maces & Flails
  1087 | D:2      | Reached skill level 1 in Polearms
  1087 | D:2      | Reached skill level 1 in Staves
  1087 | D:2      | Reached skill level 1 in Slings
  1087 | D:2      | Reached skill level 1 in Bows
  1087 | D:2      | Reached skill level 1 in Crossbows
  1087 | D:2      | Reached skill level 1 in Throwing
  1087 | D:2      | Reached skill level 1 in Stealth
  1087 | D:2      | Reached skill level 1 in Shields
  1087 | D:2      | Reached skill level 1 in Unarmed Combat
  1087 | D:2      | Reached skill level 1 in Invocations
  1087 | D:2      | Reached skill level 1 in Evocations
  1139 | D:2      | Reached XP level 4. HP: 32/38 MP: 11/11
  1145 | D:2      | Learned a level 3 spell: Regeneration
  1149 | D:2      | Learned a level 3 spell: Spectral Weapon
  1553 | D:2      | Found a shimmering altar of Xom.
  1554 | D:2      | Found a burning altar of Makhleb.
  1824 | D:3      | Reached skill level 1 in Conjurations
  1824 | D:3      | Reached skill level 1 in Hexes
  1824 | D:3      | Reached skill level 1 in Summonings
  1824 | D:3      | Reached skill level 1 in Necromancy
  1824 | D:3      | Reached skill level 1 in Translocations
  1824 | D:3      | Reached skill level 1 in Transmutations
  1824 | D:3      | Reached skill level 1 in Fire Magic
  1824 | D:3      | Reached skill level 1 in Ice Magic
  1824 | D:3      | Reached skill level 1 in Air Magic
  1824 | D:3      | Reached skill level 1 in Earth Magic
  1824 | D:3      | Reached skill level 1 in Poison Magic
  2019 | D:3      | Reached XP level 5. HP: 24/43 MP: 12/12
  2104 | D:3      | Noticed an ice beast
  2294 | D:3      | Killed an ice beast
  2312 | D:3      | Found a runed door.
  2312 | D:3      | Noticed tilp's ghost (amateur MfIE)
  2358 | D:3      | Killed tilp's ghost
  2358 | D:3      | Reached XP level 6. HP: 28/50 MP: 2/14
  2518 | D:3      | Noticed Grinder
  2536 | D:3      | Killed Grinder
  2536 | D:3      | Reached skill level 5 in Fighting
  2536 | D:3      | Reached skill level 5 in Long Blades
  2536 | D:3      | Reached skill level 5 in Dodging
  2536 | D:3      | Reached XP level 7. HP: 31/56 MP: 8/15
  2687 | D:3      | Found a shimmering altar of Xom.
  2688 | D:3      | Found a shimmering altar of Xom.
  2688 | D:3      | Found a shimmering altar of Xom.
  2688 | D:3      | Found a shimmering altar of Xom.
  2688 | D:3      | Noticed Ijyb
  2689 | D:3      | Found a shimmering altar of Xom.
  2763 | D:3      | Killed Ijyb
  3033 | D:4      | Noticed Robin
  3055 | D:4      | Killed Robin
  3708 | D:4      | Found Qorelira's Assorted Antiques.
  3991 | D:5      | Entered Level 5 of the Dungeon
  4006 | D:5      | Found an ornate altar of the Wu Jian Council.
  4014 | D:4      | Learned a level 1 spell: Magic Dart
  4017 | D:4      | Learned a level 2 spell: Searing Ray
  4082 | D:5      | Became a worshipper of the Wu Jian Council
  4133 | D:5      | Found a large runed door.
  4133 | D:5      | Found a large runed door.
  4182 | D:5      | Reached skill level 6 in Charms
  4182 | D:5      | Reached XP level 8. HP: 51/63 MP: 16/16
  4211 | D:5      | Found a large runed door.
  4211 | D:5      | Found a large runed door.
  4412 | D:5      | Found Adajimp's Weapon Shop.
  4467 | D:5      | Splashed by a jelly's acid

Vault maps used:
D:1:      dpeg_arrival_simpleton_c, st_stairs_5
D:2:      gammafunk_temple_overflow_statue, nicolae_ru_awakened_eye,
          uniq_terence
D:3:      gammafunk_ghost_grave, xom_redecorated, uniq_grinder, uniq_ijyb
D:4:      serial_shops, nicolae_shop_behind_doors, uniq_robin
D:5:      cheibrodos_barr_body, grunt_qazlal_clouds, temple_pool_b,
          serial_shops, shop, basic_altar, first_ration,
          minmay_hollow_rounded_squares, uniq_crazy_yiuf_cottage

Skill      XL: |  1  2  3  4  5  6  7  8 |
---------------+-------------------------+-----
Spellcasting   | 5 |  5.9
Short Blades   | 1 2 3 |  3.1
Axes           | 1 2 3 |  3.1
Maces & Flails | 1 2 3 |  3.1
Polearms       | 1 2 3 |  3.1
Staves         | 1 2 3 |  3.1
Slings         | 1 2 3 |  3.1
Bows           | 1 2 3 |  3.1
Crossbows      | 1 2 3 |  3.1
Throwing       | 1 2 3 |  3.1
Stealth        | 1 2 3 |  3.1
Shields        | 1 2 3 |  3.1
Unarmed Combat | 1 2 3 |  3.1
Invocations    | 1 2 3 |  3.4
Evocations     | 1 2 3 |  3.1
Conjurations   | 1 2 |  2.5
Hexes          | 1 2 |  2.5
Summonings     | 1 2 |  2.5
Necromancy     | 1 2 |  2.5
Translocations | 1 2 |  2.5
Transmutations | 1 2 |  2.5
Fire Magic     | 1 2 |  2.5
Ice Magic      | 1 2 |  2.5
Air Magic      | 1 2 |  2.5
Earth Magic    | 1 2 |  2.5
Poison Magic   | 1 2 |  2.5
Armour         | 3 4 |  4.0
Fighting       | 5 |  5.5
Long Blades    | 5 |  5.5
Dodging        | 5 |  5.5
Charms         | 6 |  6.0

Action                   |  1- 3 |  4- 6 |  7- 9 || total
-------------------------+-------+-------+-------++-------
Melee: Falchion          |    78 |    47 |       ||   125
       Bite              |    15 |    19 |    34 ||    68
       Spear             |       |   136 |   275 ||   411
       Punch             |       |     1 |     2 ||     3
 Cast: Spectral Weapon   |       |     4 |     3 ||     7
       Regeneration      |       |     5 |       ||     5
       Shroud of Golubri |       |     1 |     1 ||     2
       Song of Slaying   |       |       |     1 ||     1
Invok: Lunge             |       |       |     2 ||     2
  Use: Scroll            |     2 |     2 |     4 ||     8
       Potion            |       |     4 |     2 ||     6
 Stab: Distracted        |       |     1 |     1 ||     2
       Sleeping          |       |       |     4 ||     4
  Eat: Ration            |       |     3 |       ||     3
       Chunk             |       |     2 |     6 ||     8
Armor: Leather armour    |     5 |       |       ||     5
       Plate armour      |    38 |     6 |       ||    44
       Ring mail         |       |    39 |   134 ||   173
       Skin              |       |       |     3 ||     3
Dodge: Dodged            |    33 |    79 |   272 ||   384
Block: Shield            |       |     1 |       ||     1
       Rpst.: Falchion   |     8 |    14 |       ||    22

Table legend:
 A = Non-vault XP
 B = Vault XP
 C = Vault XP percentage of total XP
 D = Non-vault monster count
 E = Vault monster count
 F = Vault count percentage of total count
                 A         B        C        D         E       F
            +---------+---------+-------+---------+---------+-------
      Total |     836 |     701 |  45.6 |      96 |      21 |  17.9
            +---------+---------+-------+---------+---------+-------
        D:1 |      29 |       3 |   9.4 |      17 |       2 |  10.5
        D:2 |      38 |      36 |  48.6 |      15 |       1 |   6.2
        D:3 |     236 |     442 |  65.2 |      20 |       3 |  13.0
        D:4 |     224 |      35 |  13.5 |      25 |      11 |  30.6
        D:5 |     309 |     185 |  37.4 |      19 |       4 |  17.4
            +---------+---------+-------+---------+---------+-------
